 Dungeon Crawl Stone Soup version 0.30.1-9-gdf580d7c3d (webtiles) character file.

Game seed: 1517503519775249238

203 monsoonserge the Shooter (level 5, -5/27 HPs)
             Began as a Spriggan Hunter on Oct 7, 2023.
             Killed from afar by Ijyb (11 damage)
             ... with a bolt of acid
             ... on level 3 of the Dungeon.
             The game lasted 00:05:11 (2089 turns).

monsoonserge the Shooter (Spriggan Hunter)          Turns: 2089, Time: 00:05:12

Health: -5/27      AC: -2    Str:  7    XL:     5   Next: 51%
Magic:  6/6        EV: 18    Int: 10    God:
Gold:   90         SH:  0    Dex: 21    Spells: 4/4 levels left

rFire   . . .        a - +0 shortbow
rCold   . . .        (shield currently unavailable)
rNeg    . . .        c - +0 robe
rPois   .            (helmet restricted)
rElec   .            (no cloak)
rCorr   .            (gloves unavailable)
SInv    +            (boots unavailable)
Will    .....        (no amulet)
Stlth   ++           (no ring)
HPRegen 0.24/turn    (no ring)
MPRegen 0.10/turn

%: no passive effects
@: corroded, very quick
A: very small, no large weapons, unfitting armour, see invisible, speed 3
a: no special abilities


You were on level 3 of the Dungeon.
You visited 1 branch of the dungeon, and saw 3 of its levels.

You collected 90 gold pieces.

Inventory:

Hand Weapons
 a - a +0 shortbow (weapon)
 n - a +0 sling
Missiles
 m - 8 poisoned darts
Armour
 c - a +0 robe (worn)
Wands
 l - a wand of flame (26)
Scrolls
 b - a scroll of immolation
 d - a scroll of fear {unknown}
 g - 2 scrolls of enchant weapon {unknown}
 h - 5 scrolls of identify {unknown}
 k - a scroll of amnesia {unknown}
Potions
 e - 3 potions of curing {unknown}
 f - 2 potions of heal wounds {unknown}
 i - a potion of brilliance {unknown}
 j - 2 potions of lignification {unknown}


   Skills:
 + Level 2.3 Fighting
 + Level 6.2 Ranged Weapons
 + Level 3.3 Dodging
 + Level 1.6 Stealth


You had 4 spell levels left.
You didn't know any spells.
Your spell library was empty.

Dungeon Overview and Level Annotations

Branches:
Dungeon (3/15)

Altars:

Annotations:
D:1 1 runed translucent door
D:3 Ijyb


Innate Abilities, Weirdness & Mutations

You are very small and have problems with some larger weapons.
You are too small for most types of armour.
You have supernaturally acute eyesight. (SInv)
You cover ground extremely quickly. (Speed+++)


Message History

You shoot an arrow. The arrow hits the goblin.
You kill the goblin!
No target in view!
Search for what [Enter for "slin", or ? for help]?
Things that are here:
a +0 dagger; a +0 sling
n - a +0 sling
Items here: )) [[ †.
Found a brown potion.
Found a leather armour.
Things that are here:
a +0 club; a goblin corpse
e - 3 brown potions (gained 1)
There are no items here.
There is a shaft here.
A kobold comes into view. It is wielding a +0 whip.
You shoot an arrow.
The arrow hits the kobold but does no damage.
The kobold shouts!
You shoot an arrow. The arrow hits the kobold!
You kill the kobold!
No target in view!
You see here a +0 whip.
You open the door.
Found an escape hatch in the ceiling.
Found an escape hatch in the floor.
There is an open door here.
Ijyb the Twisted Goblin comes into view.
She is wielding a +0 spectral club and carrying a wand of acid (6).
You shoot an arrow. The arrow hits Ijyb but does no damage.
Ijyb shouts!
You shoot an arrow. The arrow hits Ijyb but does no damage.
You shoot an arrow. The arrow barely misses Ijyb.
You shoot an arrow. The arrow hits Ijyb but does no damage.
Ijyb screams, "No!
No, no, no, no!"
Ijyb zaps a wand.
The bolt of acid hits you!!
Ouch! That really hurt!
* * * LOW HITPOINT WARNING * * *
The acid corrodes you!
Ijyb zaps a wand.
The bolt of acid hits you!
You die...

#..........^#######
##.#........#
#.#........#
#.################
#...# ...... ###
###.# ......
#...#####'#####..
......
...........g.....
......
#......@.........
......
#.....<.......>..
......
#................
......
###..............
#+####
#.............. #..
#.............. #
#.. #..............
#.##..
#.#.##########
##..... )......


You could see Ijyb.

Vanquished Creatures
  Jessica (D:2)
  Terence (D:2)
  Robin (D:3)
  5 gnolls
  3 adders (D:2)
  A worm (D:2)
  2 dart slugs (D:2)
  4 bats
  4 endoplasms
  2 giant cockroaches (D:2)
  12 goblins
  7 hobgoblins
  2 quokkas (D:1)
  6 ball pythons
  6 kobolds
  5 rats
62 creatures vanquished.

Notes
Turn   | Place    | Note
-------+----------+-------------------------------------------
     0 | D:1      | monsoonserge the Spriggan Hunter began the quest for the
                  | Orb.
     0 | D:1      | Reached XP level 1. HP: 10/10 MP: 2/2
     1 | D:1      | Found a runed translucent door.
   161 | D:1      | Reached XP level 2. HP: 14/14 MP: 3/3
   729 | D:2      | Reached XP level 3. HP: 18/18 MP: 4/4
   758 | D:2      | Reached skill level 5 in Ranged Weapons
   800 | D:2      | Reached XP level 4. HP: 23/23 MP: 5/5
  1005 | D:2      | Noticed Terence
  1354 | D:2      | Killed Terence
  1474 | D:2      | Noticed Jessica
  1484 | D:2      | Killed Jessica
  1485 | D:2      | Reached skill level 6 in Ranged Weapons
  1485 | D:2      | Reached XP level 5. HP: 15/26 MP: 6/6
  1994 | D:3      | Noticed Robin
  1997 | D:3      | Killed Robin
  2083 | D:3      | Noticed Ijyb
  2089 | D:3      | Killed from afar by Ijyb

Illustrated notes

Levels and vault maps discovered:
D:1:      dpeg_arrival_caged_fury, layout_loops_ring, serial_forest,
          infiniplex_forest_clump_small, infiniplex_forest_clump_double,
          infiniplex_forest_clump_small, infiniplex_forest_clump_long,
          infiniplex_forest_clump_curved, infiniplex_forest_clump_C
D:2:      layout_loops_corners, uniq_jessica, uniq_terence
D:3:      layout_basic, uniq_robin, uniq_ijyb

Skill      XL: |  1  2  3  4 |
---------------+-------------+-----
Ranged Weapons | 5 6 |  6.2
Dodging        | 3 |  3.3
Fighting       | 2 |  2.3
Stealth        | |  1.6

Action                     |  1- 3 |  4- 6 || total
---------------------------+-------+-------++-------
   Fire: Shortbow          |    71 |    92 ||   163
 Armour: Robe              |     1 |     1 ||     2
  Dodge: Dodged            |    25 |    10 ||    35
